 Dungeon Crawl Stone Soup version 0.26.1-2-gb8aa6d0cf2 (webtiles) character file.

Game seed: 7820928776799896932

821 Groucho the Covert (level 7, -1/32 HPs)
             Began as a Spriggan Enchanter on Feb 20, 2021.
             Splashed by a jelly's acid (4 damage)
             ... on level 5 of the Dungeon.
             The game lasted 00:13:01 (10818 turns).

Groucho the Covert (Spriggan Enchanter)            Turns: 10818, Time: 00:13:02

Health: -1/32      AC: -5    Str:  6    XL:     7   Next: 63%
Magic:  9/14       EV: 18    Int: 16    God:
Gold:   92         SH:  0    Dex: 17    Spells: 5/14 levels left

rFire    . . .     SeeInvis +   a - +1 dagger
rCold    . . .     Faith    .   (shield restricted)
rNeg     . . .     Spirit   .   b - +0 robe
rPois    .         Reflect  .   (helmet restricted)
rElec    .         Harm     .   u - +0 cloak
rCorr    .         Rampage  .   (gloves unavailable)
Will     +....                  (boots unavailable)
Stlth    ++++++....             (no amulet)
HPRegen  0.10/turn              v - ring of stealth
MPRegen  0.14/turn              (no ring)

@: confusing touch, corroded, very quick
A: very small, unfitting armour, see invisible, speed 3
a: no special abilities


You were on level 5 of the Dungeon.
You visited 1 branch of the dungeon, and saw 5 of its levels.

You collected 267 gold pieces.
You spent 175 gold pieces at shops.

Inventory:

Hand Weapons
 a - a +1 dagger (weapon)
Missiles
 j - 3 boomerangs
Armour
 b - a +0 robe (worn)
 u - a +0 cloak (worn)
Jewellery
 v - a ring of stealth (left hand)
Wands
 s - a wand of random effects (26)
Scrolls
 c - a scroll of fear
 d - a scroll of magic mapping
 e - 8 scrolls of identify
 f - a scroll of noise {unknown}
 h - 4 scrolls of immolation {unknown}
 i - 2 scrolls of fog {unknown}
 m - 4 scrolls of teleportation {unknown}
 n - 6 scrolls of remove curse {unknown}
 o - a scroll of enchant armour {unknown}
 p - a scroll of amnesia {unknown}
Potions
 g - 2 potions of berserk rage {unknown}
 k - 4 potions of heal wounds {unknown}
 l - a potion of flight {unknown}
 q - a potion of brilliance {unknown}
 r - a potion of mutation {unknown}
 t - a potion of attraction {unknown}
 w - a potion of ambrosia {unknown}
 x - a potion of invisibility {unknown}


   Skills:
 - Level 1.1 Short Blades
 - Level 3.0 Dodging
 * Level 12.1 Stealth
 + Level 4.4 Spellcasting
 + Level 5.1 Hexes


You had 5 spell levels left.
You knew the following spells:

 Your Spells              Type           Power        Failure   Level
a - Corona                Hex            22%          1%          1
b - Ensorcelled Hibernat  Hex/Ice        22%          9%          2
c - Confusing Touch       Hex            20%          6%          3
d - Tukima's Dance        Hex            20%          6%          3

Your spell library contained the following spells:

 Spells                   Type           Power        Failure   Level
 Dazzling Flash           Conj/Hex       22%          17%         3


Dungeon Overview and Level Annotations

Branches:
Dungeon (5/15)
 Temple: D:4-7

Altars:
Elyvilon
Fedhas
Okawaru
Qazlal
Sif Muna
Trog
Xom
Yredelemnul

Shops:
D:4 *


Innate Abilities, Weirdness & Mutations

You are very small and have problems with some larger weapons.
You are too small for most types of armour.
You have supernaturally acute eyesight. (SInv)
You cover ground extremely quickly.


Message History

You hit the quokka but do no damage.
The quokka is lightly wounded.
The quokka barely misses you.
You hit the quokka but do no damage.
The quokka appears confused.
The quokka is lightly wounded.
Casting: Confusing Touch (dangerous; 6% risk of failure)
Confirm with . or Enter, or press ? or * to list all spells.
Your hands begin to glow red.
You hit the jelly but do no damage.
Your hands burn!
The jelly barely misses you. The quokka misses you.
You hit the jelly but do no damage.
Your hands burn!
The quokka closely misses you. The jelly misses you.
You hit the jelly but do no damage. The acid corrodes you!
Your hands burn!
The jelly hits you. The acid corrodes you!
You are splashed with acid.
You hit the jelly but do no damage.
Your hands burn!
The quokka barely misses you. The jelly hits you. The acid corrodes you!
You are splashed with acid!
* * * LOW HITPOINT WARNING * * *
You hit the jelly but do no damage.
Your hands burn!
You die...

..# #.# #.# #.##### ##.#...##
######## #####.......#
#...Jr[.
#...........###.#####.
#.#..r.......##.##.h.. ###
#...J@.#...#....##....
....#####........#...#..##..o.
#.....#..##....#.###..##....
#..............>.# #..##....
#####.#.#######.## #..##....
#.#.# #.# #..##.... #...# #.#
#..####.# #.### ##.####.#..
#S# #!.........


You could see a jelly and a quokka (confused).

Vanquished Creatures
  Grinder (D:5)
  A scorpion (D:5)
  A howler monkey (D:5)
  4 hounds
  Crazy Yiuf (D:3)
  2 iguanas
  An orc wizard (D:5)
  3 worker ants
  A hound skeleton (D:5)
  10 adders
  2 white imps (D:5)
  4 oozes
  A worm (D:2)
  4 dart slugs
  3 leopard geckos
  7 orcs
  3 ball pythons
  4 giant cockroaches
  11 goblins
  7 hobgoblins
  3 jackals
  2 quokkas
  5 bats
  6 frilled lizards
  9 kobolds
  19 rats
115 creatures vanquished.

Vanquished Creatures (collateral kills)
  An orc (D:5)
1 creature vanquished.

Grand Total: 116 creatures vanquished

Notes
Turn   | Place    | Note
-------+----------+-------------------------------------------
     0 | D:1      | Groucho the Spriggan Enchanter began the quest for the Orb.
     0 | D:1      | Reached XP level 1. HP: 9/9 MP: 5/5
    92 | D:1      | Reached skill level 5 in Stealth
   230 | D:1      | Reached XP level 2. HP: 12/13 MP: 6/6
   346 | D:1      | Reached skill level 6 in Stealth
   349 | D:1      | Learned a level 2 spell: Ensorcelled Hibernation
   588 | D:1      | Reached XP level 3. HP: 16/16 MP: 8/8
   592 | D:1      | Learned a level 3 spell: Confusing Touch
  1345 | D:2      | Reached skill level 7 in Stealth
  1422 | D:2      | Found a shimmering altar of Xom.
  1953 | D:2      | Reached XP level 4. HP: 5/21 MP: 6/9
  2399 | D:2      | Found a shimmering blue altar of Sif Muna.
  2399 | D:2      | Found a bloodstained altar of Trog.
  2403 | D:2      | Found a basalt altar of Yredelemnul.
  2599 | D:2      | Reached skill level 8 in Stealth
  4114 | D:3      | Noticed an earth elemental
  4115 | D:3      | Found a stormy altar of Qazlal.
  4117 | D:3      | Noticed an air elemental
  4117 | D:3      | Noticed a fire elemental
  4117 | D:3      | Noticed a water elemental
  4397 | D:3      | Found a white marble altar of Elyvilon.
  4911 | D:3      | Reached XP level 5. HP: 24/24 MP: 10/10
  4927 | D:3      | Reached skill level 9 in Stealth
  5768 | D:3      | Found a runed translucent door.
  6069 | D:3      | Noticed Crazy Yiuf
  6293 | D:3      | Learned a level 3 spell: Tukima's Dance
  6362 | D:3      | Killed Crazy Yiuf
  6757 | D:4      | Found Awinamm's General Store.
  7614 | D:4      | Reached skill level 10 in Stealth
  7707 | D:4      | Reached XP level 6. HP: 25/28 MP: 4/11
  8002 | D:4      | Bought an uncursed ring of stealth for 175 gold pieces
  9117 | D:4      | Found an iron altar of Okawaru.
  9226 | D:5      | Entered Level 5 of the Dungeon
  9231 | D:5      | Found a white marble altar of Elyvilon.
  9296 | D:5      | Reached skill level 11 in Stealth
  9383 | D:5      | Reached XP level 7. HP: 22/32 MP: 3/13
  9438 | D:5      | HP: 1/32 [acid (4)]
 10050 | D:5      | Noticed Grinder
 10053 | D:5      | Killed Grinder
 10082 | D:5      | Reached skill level 5 in Hexes
 10084 | D:5      | Reached skill level 12 in Stealth
 10706 | D:5      | Found a blossoming altar of Fedhas.
 10818 | D:5      | Splashed by a jelly's acid

Illustrated notes

Levels and vault maps discovered:
D:1:      psy_arrival_spokes, layout_basic, minmay_rat_gold_closets
D:2:      layout_basic, grunt_temple_overflow_open, grunt_ministairs_8
D:3:      layout_basic, nicolae_qazlal_style_of_elements, old_standard_altar,
          chequers_serial_rivers_small_3, lemuel_statue_altar,
          uniq_crazy_yiuf_cottage
D:4:      layout_rooms, lemuel_coloured_pillars_altar, serial_shops, shop
D:5:      layout_loops_ring, general_overflow_altar, basic_altar, serial_shops,
          kennysheep_mini, uniq_grinder

Skill      XL: |  1  2  3  4  5  6  7 |
---------------+----------------------+-----
Stealth        | 5 6 7 8 10 11 12 | 12.1
Spellcasting   | 3 4 |  4.4
Hexes          | 4 5 |  5.1
Short Blades   | |  1.1
Dodging        | |  3.0

Action                   |  1- 3 |  4- 6 |  7- 9 || total
-------------------------+-------+-------+-------++-------
Melee: Dagger            |   137 |   252 |    70 ||   459
 Cast: Ensorcelled Hiber |     8 |    28 |     1 ||    37
       Confusing Touch   |       |    12 |    10 ||    22
       Tukima's Dance    |       |     2 |       ||     2
       Corona            |       |     1 |       ||     1
  Use: Scroll            |       |     4 |       ||     4
 Stab: Sleeping          |    27 |    33 |     1 ||    61
       Confused          |       |     9 |     6 ||    15
       Distracted        |       |     2 |       ||     2
Armor: Robe              |     6 |    26 |     3 ||    35
Dodge: Dodged            |    79 |   219 |    50 ||   348
